Workbook

Sheet Сводная таблица
A5: СВОДНАЯ ТАБЛИЦА БЮДЖЕТА
B7: наименование организации
A9: № п/п | B9: Статья расходов | C9: Запрашиваемая сумма
C10: руб.
A11: 1. | B11: Административные расходы | C11: ='1. Административные'!F12 -> 0
A12: 2. | B12: Командировочные расходы | C12: ='2. Командировочные'!G13 -> 0
A13: 3. | B13: Транспортные расходы | C13: ='3. Транспорт'!F10 -> 0
A14: 4. | B14: Приобретение, аренда оборудования, инвентаря и сопутствующие расходы | C14: ='4. Оборудование'!F10 -> 0
A15: 5. | B15: Разработка и поддержка сайтов и информационных систем | C15: ='5. Сайт и ИС'!F10 -> 0
A16: 6. | B16: Расходные материалы | C16: ='6. Материалы'!F12 -> 0
A17: 7. | B17: Оплата услуг привлеченных специалистов/организаций на проведение/реализацию мероприятий | C17: ='7. Услуги'!F12 -> 0
A18: 8. | B18: Издательские, полиграфические и сопутствующие расходы | C18: ='8. Полиграфия'!F11 -> 0
B19: ВСЕГО по статьям расходов: | C19: =SUM(C11:C18) -> 0

Sheet 1. Административные
A1: 1. Административные расходы
A2: Данная статья расходов включает в себя: | C2: аренда нежилого помещения, в котором ведётся деятельность организации; коммунальные услуги; услуги связи; услуги банков; почтовые услуги; услуги банка и электронный документооборот
A3: Ограничения: | C3: погашение задолженности; оплата просроченных налогов, сборов, штрафов, пеней; заработные платы и иные выплаты сотрудникам НКО
A5: № п/п | B5: Наименование расходов | C5: Ед. изм. | D5: Кол-во | E5: Стоимость за единицу | F5: Запрашиваемая сумма пожертвования | G5: Пояснения необходимости расходов, количества, стоимости и пр.
E6: руб. | F6: руб.
E7: 0 | F7: =D7*E7 -> 0
E8: 0 | F8: =D8*E8 -> 0
E9: 0 | F9: =D9*E9 -> 0
E10: 0 | F10: =D10*E10 -> 0
E11: 0 | F11: =D11*E11 -> 0
B12: ИТОГО: | E12: =SUM(E7:E11) -> 0 | F12: =SUM(F7:F11) -> 0

Sheet 2. Командировочные
A1: 2. Командировочные расходы
A2: Данная статья расходов включает в себя: | C2: проезд к месту командировки и обратно сотрудников работающих по трудовым договорам, проживание, суточные сотрудникам НКО в размерах, установленных локальным нормативным актом
A3: Ограничения: | C3: недопустимые расходы за счет пожертвования: авиаперелет классом выше экономического (бизнес-класс, первый класс и пр.), проезд ж/д транспортом классом выше купе (СВ, люкс, первый класс), а также расходы за платный выбор места и страхование; проживание в номерах категории выше «Стандарт»
A5: №п/п | B5: Наименование расходов | C5: Кол-во людей | D5: Ед. изм. | E5: Кол-во на 1 чел. | F5: Стоимость за единицу | G5: Запрашиваемая сумма пожертвования | H5: Пояснения необходимости расходов, количества, стоимости и пр.
C6: чел. | F6: руб. | G6: руб.
F7: 0 | G7: =C7*E7*F7 -> 0
F8: 0 | G8: =C8*E8*F8 -> 0
F9: 0 | G9: =C9*E9*F9 -> 0
F10: 0 | G10: =C10*E10*F10 -> 0
F11: 0 | G11: =C11*E11*F11 -> 0
F12: 0 | G12: =C12*E12*F12 -> 0
B13: ИТОГО: | F13: =SUM(F7:F12) -> 0 | G13: =SUM(G7:G12) -> 0
B15: * Суточные для сотрудников организации, работающих по трудовым договорам, должны быть в пределах допустимых сумм. необлагаемых НДФЛ (700 рублей в сутки для командировок по России)

Sheet 3. Транспорт
A1: 3. Транспортные расходы
A2: Данная статья расходов включает в себя: | C2: доставка приобретенного оборудования и материалов, трансфер для перевозки участников мероприятия к месту проведения и обратно и пр.
A4: № п/п | B4: Наименование расходов | C4: Кол-во поездок | D4: Продолжительность поездки | E4: Тариф | F4: Запрашиваемая сумма пожертвования | G4: Пояснения необходимости расходов, количества, стоимости и пр.
C5: шт. | D5: час. | E5: руб. | F5: руб.
F6: =C6*D6*E6 -> 0
F7: =C7*D7*E7 -> 0
F8: =C8*D8*E8 -> 0
F9: =C9*D9*E9 -> 0
B10: ИТОГО: | F10: =SUM(F6:F9) -> 0

Sheet 4. Оборудование
A1: 4. Приобретение, аренда оборудования, инвентаря и сопутствующие расходы
A2: Данная статья расходов включает в себя: | C2: приобретение и аренда компьютерной, видео-, аудио-, фототехники (в т.ч. компьютеры, ноутбуки, принтеры, планшеты, мобильные телефоны, видеокамеры, фотоаппараты, диктофоны, микшеры, устройства для хранения информации и др.), приобретение программного обеспечения, приобретение специализированного оборудования (медицинское, реабилитационное, игровое, обучающее, осветительные приборы и др.),мебель и сопутствующие расходы(услуги по монтажу, услуги по техническому обслуживанию и ремонту оборудования)
A4: № п/п | B4: Наименование оборудования | C4: Ед. изм. | D4: Кол-во | E4: Стоимость за единицу | F4: Запрашиваемая сумма пожертвования | G4: Пояснения необходимости расходов, количества, стоимости и пр.
E5: руб. | F5: руб.
E6: 0 | F6: =D6*E6 -> 0
E7: 0 | F7: =D7*E7 -> 0
E8: 0 | F8: =D8*E8 -> 0
E9: 0 | F9: =D9*E9 -> 0
B10: ИТОГО: | E10: =SUM(E6:E9) -> 0 | F10: =SUM(F6:F9) -> 0

Sheet 5. Сайт и ИС
A1: 5. Разработка и поддержка сайтов и информационных систем
A2: Данная статья расходов включает в себя: | C2: разработка и поддержка сайтов, информационных систем и иные аналогичные расходы
A4: № п/п | B4: Наименование расходов | C4: Ед. изм. | D4: Кол-во | E4: Стоимость за единицу | F4: Запрашиваемая сумма пожертвования | G4: Пояснения необходимости расходов, количества, стоимости и пр.
E5: руб. | F5: руб.
E6: 0 | F6: =C6*D6*E6 -> 0
E7: 0 | F7: =C7*D7*E7 -> 0
E8: 0 | F8: =C8*D8*E8 -> 0
E9: 0 | F9: =C9*D9*E9 -> 0
B10: ИТОГО: | E10: =SUM(E6:E9) -> 0 | F10: =SUM(F6:F9) -> 0

Sheet 6. Материалы
A1: 6. Расходные материалы
A2: Данная статья расходов включает в себя: | C2: приобретение канцелярских и учебных товаров, расходы на комплектующие материалы к оборудованию, и расходные материалы в том числе к специализированному оборудованию
A3: Ограничения: | C3: недопустимые расходы за счет пожертвования: приобретение товаров и услуг, оборот которых запрещен законодательством Российской Федерации, алкогольной и табачной продукции, товаров, которые являются предметами роскоши, расходы, непосредственно не связанные с реализацией проекта, подарки, мерч, представительские расходы, в том числе расходы на проведение официальных приемов, посещение культурно-зрелищных мероприятий, организация питания на мероприятиях, банкетное обслуживание (кроме обеспечения питьевой водой участников мероприятий и организации питания (добровольцев) волонтеров), предоставление гражданам или организациям пожертвований/ грантов/ иной помощи в денежной форме, прямую гуманитарную и иную материальную помощь, а также расходы на оказание экстренной медицинской помощи отдельно взятым лицам
A5: № п/п | B5: Наименование расходов | C5: Ед. изм. | D5: Кол-во | E5: Стоимость за единицу | F5: Запрашиваемая сумма | G5: Пояснения необходимости расходов, количества, стоимости и пр.
E6: руб. | F6: руб.
E7: 0 | F7: =D7*E7 -> 0
E8: 0 | F8: =D8*E8 -> 0
E9: 0 | F9: =D9*E9 -> 0
E10: 0 | F10: =D10*E10 -> 0
E11: 0 | F11: =D11*E11 -> 0
B12: ИТОГО: | E12: =SUM(E7:E11) -> 0 | F12: =SUM(F7:F11) -> 0

Sheet 7. Услуги
A1: 7. Оплата услуг привлеченных специалистов/организаций на проведение/реализацию мероприятий
A2: Данная статья расходов включает в себя: | C2: услуги по проведению обучающих и других мероприятий проекта; аренда помещений и оборудования для проведения очных и дистанционных форматов мероприятий, организация фотосъемки, видеозаписи, прямой трансляции, услуги по обучению и повышению квалификации сотрудников НКО; услуги по оказанию информационных, консультационных и других аналогичных услуг, которые необходимы для реализации проекта и требуют профессиональных знаний; оплата услуг приглашённых специалистов, их проживание
A3: Ограничения: | C3: недопустимые расходы за счет пожертвования: приобретение товаров и услуг, оборот которых запрещен законодательством Российской Федерации, алкогольной и табачной продукции, товаров, которые являются предметами роскоши; расходы, неуказанные в Заявке; подарки, мерч; расходы на проведение официальных приемов, посещение культурно-зрелищных мероприятий, организация питания на мероприятиях, банкетное обслуживание (кроме обеспечения питьевой водой участников мероприятий и организации питания (добровольцев) волонтеров); предоставление гражданам или организациям пожертвований/грантов/иной помощи в денежной форме; прямую гуманитарную и иную материальную помощь, а также расходы на оказание экстренной медицинской помощи отдельно взятым лицам; расходы на проведение аудита деятельности некоммерческой организации
A5: № п/п | B5: Услуги специалистов, задействованных в мероприятиях проекта по договорам оказания услуг (раздел 2 Заявки - "Команда организации") | C5: Ед. изм. | D5: Кол-во | E5: Стоимость за единицу | F5: Запрашиваемая сумма пожертвования | G5: Пояснения необходимости расходов, количества, стоимости и пр.
E6: руб. | F6: руб.
E7: 0 | F7: =D7*E7 -> 0
E8: 0 | F8: =D8*E8 -> 0
E9: 0 | F9: =D9*E9 -> 0
E10: 0 | F10: =D10*E10 -> 0
E11: 0 | F11: =D11*E11 -> 0
B12: ИТОГО: | E12: =SUM(E7:E11) -> 0 | F12: =SUM(F7:F11) -> 0

Sheet 8. Полиграфия
A1: 8. Издательские, полиграфические и сопутствующие расходы
A2: Данная статья расходов включает в себя: | C2: подготовка макетов и изготовление афиш, брошюр, буклетов, журналов, календарей, книг, открыток, пригласительных билетов, сборников и пр.
A4: № п/п | B4: Наименование расходов | C4: Ед. изм. | D4: Кол-во | E4: Стоимость за единицу | F4: Запрашиваемая сумма пожертвования | G4: Пояснения необходимости расходов, количества, стоимости и пр.
E5: руб. | F5: руб.
E6: 0 | F6: =D6*E6 -> 0
E7: 0 | F7: =D7*E7 -> 0
E8: 0 | F8: =D8*E8 -> 0
E9: 0 | F9: =D9*E9 -> 0
E10: 0 | F10: =D10*E10 -> 0
B11: ИТОГО: | E11: =SUM(E6:E10) -> 0 | F11: =SUM(F6:F10) -> 0
